 Dungeon Crawl Stone Soup version 0.30.0-13-g156ef70053 (webtiles) character file.

Game seed: 4974943827115745128

6 browni3141 the Firebug (level 1, -4/13 HPs)
             Began as a Demonspawn Fire Elementalist on May 17, 2023.
             Slain by a quokka (5 damage)
             ... on level 1 of the Dungeon.
             The game lasted 00:00:15 (211 turns).

browni3141 the Firebug (DsFE)                        Turns: 211, Time: 00:00:16

Health: -4/13      AC:  2    Str:  8    XL:     1   Next: 75%
Magic:  1/3        EV: 12    Int: 16    God:
Gold:   9          SH:  0    Dex: 13    Spells: 3/4 levels left

rFire   . . .        o - +0 spear
rCold   . . .        (no shield)
rNeg    . . .        a - +0 robe
rPois   .            (no helmet)
rElec   .            (no cloak)
rCorr   .            (no gloves)
SInv    .            (no boots)
Will    .....        (no amulet)
Stlth   ++           (no ring)
HPRegen 0.22/turn    (no ring)
MPRegen 0.08/turn

%: no passive effects
@: no status effects
A: no striking features
a: no special abilities


You were on level 1 of the Dungeon.
You visited 1 branch of the dungeon, and saw 1 of its levels.

You collected 9 gold pieces.

Inventory:

Hand Weapons
 o - a +0 spear (weapon)
Armour
 a - a +0 robe (worn)
Jewellery
 n - a ring of wizardry
Scrolls
 p - a scroll of immolation {unknown}
 r - a scroll of identify {unknown}
Potions
 m - a potion of magic
 q - a potion of curing {unknown}


   Skills:
 + Level 1.9 Dodging
 + Level 1.9 Stealth
 + Level 2.1 Spellcasting
 + Level 1.1 Conjurations
 + Level 2.7 Fire Magic


You had 3 spell levels left.
You knew the following spells:

 Your Spells              Type           Power      Damage    Failure   Level
z - Foxfire               Conj/Fire      32%        2x1d5     9%          1

Your spell library contained the following spells:

 Spells                   Type           Power      Damage    Failure   Level
 Scorch                   Fire           20%        2d6       10%         2
 Inner Flame              Hex/Fire       6%         N/A       34%         3
 Volatile Blastmotes      Fire/Tloc      12%        2d11      34%         3
 Flame Wave               Conj/Fire      8%         2d5       65%         4


Dungeon Overview and Level Annotations

Branches:
Dungeon (1/15)

Altars:


Message History

A ball python is nearby!
A ball python is nearby!
A ball python is nearby!
A ball python is nearby!
You conjure some foxfire!
You conjure some foxfire!
You conjure some foxfire!
The ball python hisses angrily.
The foxfire hits the ball python.
The ball python is heavily wounded.
The foxfire hits the ball python.
You kill the ball python!
You are out of magic!
Your foxfire dissipates! x2
Your foxfire dissipates! x2
Magic restored.
p - a scroll labelled CAIFEB EMELA
Found a stone staircase leading down.
q - a fuming yellow potion You now have 9 gold pieces.
A ball python comes into view.
A ball python is nearby!
A ball python is nearby!
A ball python is nearby!
You conjure some foxfire!
You conjure some foxfire!
The foxfire hits the ball python.
You kill the ball python!
No target in view!
No target in view!
Your foxfire dissipates!
A kobold comes into view. It is wielding a +0 dagger.
The kobold shouts!
You see here a ball python corpse.
A kobold is nearby!
A kobold is nearby!
A kobold is nearby!
A kobold is nearby!
You conjure some foxfire!
You conjure some foxfire!
The foxfire hits the kobold.
You kill the kobold!
You conjure some foxfire!
Your foxfire dissipates!
No target in view!
A ball python comes into view.
Your foxfire dissipates!
The foxfire hits the ball python.
You kill the ball python!
Your foxfire dissipates!
Your foxfire dissipates!
r - a scroll labelled NONEADYEXT An endoplasm comes into view.
An endoplasm is nearby!
An endoplasm is nearby!
You conjure some foxfire!
You conjure some foxfire!
You conjure some foxfire!
The foxfire hits the endoplasm.
The endoplasm is lightly wounded.
The endoplasm quivers.
The foxfire hits the endoplasm.
The endoplasm is moderately wounded.
An endoplasm is nearby!
An endoplasm is nearby!
An endoplasm is nearby!
An endoplasm is nearby!
A quokka comes into view.
The foxfire hits the endoplasm.
The endoplasm is heavily wounded.
The foxfire hits the endoplasm.
You kill the endoplasm!
Your foxfire dissipates!
A quokka is nearby!
A quokka is nearby!
You are out of magic!
You are out of magic!
You are out of magic!
You reach to attack!
You barely miss the quokka. The quokka bites you.
You barely miss the quokka. The quokka bites you.
You hit the quokka but do no damage. The quokka bites you.
You are too injured to fight recklessly!
You are too injured to fight recklessly!
You hit the quokka but do no damage. The quokka misses you.
The quokka barely misses you.
You are too injured to fight recklessly!
You are too injured to fight recklessly!
You closely miss the quokka. The quokka closely misses you.
You are too injured to fight recklessly!
You closely miss the quokka. The quokka bites you.
You are too injured to fight recklessly!
You barely miss the quokka. The quokka misses you.
You are too injured to fight recklessly!
You are too injured to fight recklessly!
You barely miss the quokka. The quokka bites you.
* * * LOW HITPOINT WARNING * * *
The quokka bites you.
* * * LOW HITPOINT WARNING * * *
You are too injured to fight recklessly!
You hit the quokka but do no damage. The quokka barely misses you.
You hit the quokka.
The quokka is moderately wounded.
The quokka bites you.
You die...

#.# #........##.
#.# #........##.
#.#
####..####### .
#.###.....#
#####.........#
##..(......#####
#.....#..###
#.........#
#.......@##
#.......r.#
##.....##.#
#..... .# ......
.. ...... ###
..... #...


You could see a quokka.

Vanquished Creatures
  3 ball pythons (D:1)
  An endoplasm (D:1)
  A bat (D:1)
  A kobold (D:1)
6 creatures vanquished.

Vanquished Creatures (others)
  17 foxfires (D:1)
17 creatures vanquished.

Grand Total: 23 creatures vanquished

Notes
Turn   | Place    | Note
-------+----------+-------------------------------------------
     0 | D:1      | browni3141 the Demonspawn Fire Elementalist began the quest
                  | for the Orb.
     0 | D:1      | Reached XP level 1. HP: 13/13 MP: 3/3
   211 | D:1      | Slain by a quokka

Illustrated notes

Levels and vault maps discovered:
D:1:      psy_arrival_basics, layout_rooms, minmay_pentomino_s4

Action                     || total
---------------------------++-------
  Melee: Spear             ||    12
   Cast: Foxfire           ||    11
 Armour: Robe              ||     3
  Dodge: Dodged            ||     9
